AoeStats
← Fieldmarshal89

Arena

510439369Analyzed
1v1 RM · 3d ago on Oct 1, 2026· 67m 48s· 2 players
Game mode
Random Map
Map size
Tiny (2 player)
Population
200
Speed
Normal
Resources
Standard
Victory
Conquest
Starting age
Dark Age
Ending age
Imperial Age
RankedLock teamsTeams togetherTeam positionsShared explorationLock speedFull tech treeHidden civsTurbo modeCheats
Victory
Defeat
🇺🇸 Varangians · United States
302
+14
🇺🇸 Bohemians · United States
255
-14
Novius
0:37 Loom
11:02 Feudal Age
11:39 Double-Bit Axe
13:28 Wheelbarrow
14:13 Horse Collar
22:20 Castle Age
22:54 Fletching
23:04 Padded Archer Armor
23:10 Scale Barding Armor
25:19 Bow Saw
25:11 Heavy Plow
25:49 Bodkin Arrow
26:09 Leather Archer Armor
32:40 Imperial Age
30:32 Leather Archer Armor
31:21 Hand Cart
34:03 Crossbowman
34:46 Bracer
35:16 Ring Archer Armor
34:47 Murder Holes
35:03 Masonry
36:04 Arbalester
38:46 Two-Man Saw
38:17 Chain Barding Armor
37:58 Scale Mail Armor
38:09 Forging
38:47 Pikeman
39:27 Squires
39:13 Elite Hussite Wagon
43:05 Iron Casting
42:46 Chain Mail Armor
42:58 Conscription
43:06 Ballistics
43:47 Chemistry
43:19 Architecture
42:57 Siege Engineers
48:44 Blast Furnace
48:15 Plate Mail Armor
47:12 Houfnice
48:05 Husbandry
49:51 Light Cavalry
50:47 Guilds
51:38 Halberdier
56:52 Bombard Tower
56:46 Fortified Wall
57:50 Arson
59:55 Cavalier
Fieldmarshal89
10:18 Feudal Age
19:11 Castle Age
23:45 Loom
33:55 Horse Collar
35:11 Double-Bit Axe
39:24 Forging
39:22 Heavy Plow
42:30 Husbandry
42:41 Bloodlines
42:35 Gold Mining
43:30 Iron Casting
43:02 Scale Barding Armor
47:28 Imperial Age
45:37 Wheelbarrow
49:08 Crop Rotation
49:27 Conscription
49:48 Elite Jarl
52:35 Blast Furnace
52:18 Chain Barding Armor
52:20 Bow Saw
52:19 Arson
52:35 Squires
52:21 Gambesons
53:13 Hand Cart
54:44 Pikeman
54:45 Elite Varangian Guard
56:15 Treadmill Crane
57:13 Scale Mail Armor
56:38 Halberdier
58:28 Chain Mail Armor
58:51 Plate Barding Armor
60:06 Two-Man Saw
59:39 Fortified Wall
59:43 Masonry
60:28 Plate Mail Armor
60:16 Town Watch
60:58 Town Patrol
65:00 Architecture
Connection lost

Rejoining the realm…

Still unreachable

The connection could not be restored.

Session expired

The server has moved on; the page needs a fresh start.